 Dungeon Crawl Stone Soup version 0.21-a0-578-gc6e9d75 (webtiles) character file.

340 tidbits the Digger (level 6, -5/44 HPs)
             Began as a Gnoll Earth Elementalist on Dec 18, 2017.
             Killed by divine providence
             ... invoked by an orc priest
              (13 damage)
             ... on level 5 of the Dungeon.
             The game lasted 00:08:55 (1213 turns).

tidbits the Digger (Gnoll Earth Elementalist)       Turns: 1213, Time: 00:08:56

Health: -5/44      AC:  3    Str: 10    XL:     6   Next: 56%
Magic:  2/14       EV: 15    Int: 19    God:
Gold:   222        SH:  0    Dex: 16    Spells: 0/15 levels left

rFire    . . .     SeeInvis .   a - +1 falchion (pain)
rCold    . . .     Gourm    .   (no shield)
rNeg     . . .     Faith    .   c - +0 robe
rPois    .         Spirit   .   E - +0 helmet
rElec    .         Reflect  .   (no cloak)
rCorr    .         Harm     .   (no gloves)
MR       .....                  (no boots)
Stlth    +++.......             (no amulet)
HPRegen  0.14/turn              (no ring)
MPRegen  0.14/turn              (no ring)

@: no status effects
A: distributed training, fangs 1, strong nose
a: no special abilities


You were on level 5 of the Dungeon.
You were very hungry.

You visited 1 branch of the dungeon, and saw 5 of its levels.

You collected 222 gold pieces.

Inventory:

Hand Weapons
 a - a +1 falchion of pain (weapon)
   (You found it on level 2 of the Dungeon)
 i - a +0 club
 n - a +0 whip
 s - a +0 dagger
 u - a +0 arbalest
 x - a cursed -2 hunting sling
 D - a +0 battleaxe
Missiles
 b - 47 stones (quivered)
 f - 27 sling bullets
 k - 5 javelins of penetration
 F - 53 bolts
Armour
 c - a +0 robe (worn)
 t - a cursed -1 leather armour
 E - a +0 helmet (worn)
Wands
 y - a wand of iceblast (5)
Scrolls
 g - a scroll of enchant armour {unknown}
 h - 4 scrolls of identify
 o - a scroll of noise {unknown}
 q - 4 scrolls of remove curse
 v - 3 scrolls of immolation
 w - a scroll of fear {unknown}
 z - a scroll of fog {unknown}
 A - a scroll of teleportation {unknown}
 I - a scroll of vulnerability {unknown}
Potions
 j - 5 potions of lignification {unknown}
 l - 2 potions of degeneration {unknown}
 m - 2 potions of berserk rage {unknown}
 p - a potion of magic {unknown}
 r - a potion of might {unknown}
 B - a potion of mutation {unknown}
 C - a potion of cancellation {unknown}
 G - a potion of invisibility {unknown}
 H - a potion of brilliance {unknown}
Books
 e - a book of Geomancy

   Spells                             Type                      Level
   a - Sandblast                      Earth                        1
   b - Passwall                       Transmutation/Earth          2
   c - Stone Arrow                    Conjuration/Earth            3
   d - Petrify                        Transmutation/Earth          4
   e - Lee's Rapid Deconstruction     Earth                        5
Comestibles
 d - 3 rations


   Skills:
 + Level 2.0 Fighting
 + Level 2.0 Short Blades
 + Level 2.0 Long Blades
 + Level 2.0 Axes
 + Level 2.0 Maces & Flails
 + Level 2.0 Polearms
 + Level 2.0 Staves
 + Level 2.0 Slings
 + Level 2.0 Bows
 + Level 2.0 Crossbows
 + Level 2.0 Throwing
 + Level 2.0 Armour
 + Level 5.0 Dodging
 + Level 4.6 Stealth
 + Level 2.0 Shields
 + Level 2.0 Unarmed Combat
 + Level 5.4 Spellcasting
 + Level 1.5 Conjurations
 + Level 1.5 Hexes
 + Level 1.5 Charms
 + Level 1.5 Summonings
 + Level 1.5 Necromancy
 + Level 1.5 Translocations
 + Level 2.6 Transmutations
 + Level 1.5 Fire Magic
 + Level 1.5 Ice Magic
 + Level 1.5 Air Magic
 + Level 5.6 Earth Magic
 + Level 1.5 Poison Magic
 + Level 2.2 Invocations
 + Level 2.0 Evocations


You couldn't memorise any spells.
You knew the following spells:

 Your Spells              Type           Power        Failure   Level  Hunger
a - Sandblast             Erth           ####..       1%          1    None
b - Petrify               Tmut/Erth      ###.....     22%         4    ####...
s - Stone Arrow           Conj/Erth      ###...       8%          3    ##.....
w - Passwall              Tmut/Erth      ###.......   3%          2    None
D - Lee's Rapid Deconstr  Erth           ####......   32%         5    #####..


Dungeon Overview and Level Annotations

Branches:
Dungeon (5/15)
 Temple: D:4-7

Altars:


Innate Abilities, Weirdness & Mutations

Your experience applies equally to all skills.
You have very sharp teeth.
Your uncanny sense of smell can sniff out nearby items.


Message History

This spell is very dangerous to cast!
Memorise Lee's Rapid Deconstruction, consuming 5 spell levels and leaving 0?
You start memorising the spell.
You continue memorising. x5
You finish memorising.
Spell assigned to 'l'.
Adjust (i)tems, (s)pells, or (a)bilities?
Okay, then.
Adjust (i)tems, (s)pells, or (a)bilities?
Adjust which spell? l - Lee's Rapid Deconstruction Adjust to which letter?
D - Lee's Rapid Deconstruction
Found a falchion.
H - a lumpy green potion
Found 17 gold pieces.
Found a scroll labeled GOABLU MIYRCHYU.
Found an escape hatch in the floor.
You now have 222 gold pieces (gained 17).
A leopard gecko comes into view.
You are feeling very hungry.
A worm comes into view.
You see here a scroll labeled GOABLU MIYRCHYU.
I - a scroll labeled GOABLU MIYRCHYU
Casting: Sandblast
Confirm with . or Enter, or press ? or * to list all spells.
Aiming: Sandblast
Press: ? - help, Shift-Dir - straight line, f - leopard gecko
Aim: a leopard gecko (resting)
The blast of sand hits the leopard gecko.
You kill the leopard gecko!
b - 51 stones
Casting: Sandblast
Confirm with . or Enter, or press ? or * to list all spells.
Which direction?
You begin to meditate on the wall.
You continue meditating on the rock. x2
You finish merging with the rock.
Found a scroll of remove curse.
q - 4 scrolls of remove curse (gained 1)
An orc wizard comes into view. It is wielding a dagger.
The orc wizard shouts!
The orc wizard gestures at you while chanting.
The puff of frost hits you!
* * * LOW HITPOINT WARNING * * *
The orc wizard casts a spell.
The orc wizard seems to speed up.
You hear a shout! x2
A giant cockroach and an orc come into view.
Casting: Passwall
Confirm with . or Enter, or press ? or * to list all spells.
Aiming: Sandblast
Press: ? - help, Shift-Dir - straight line, f - orc wizard
Aim: an orc wizard, wielding a dagger and wearing a robe (fast)
The blast of sand hits the orc wizard.
The orc wizard is heavily wounded.
b - 50 stones
Casting: Sandblast
Confirm with . or Enter, or press ? or * to list all spells.
Aiming: Sandblast
Press: ? - help, Shift-Dir - straight line, f/p - orc wizard
Aim: an orc wizard, wielding a dagger and wearing a robe (heavily wounded, fast)
The blast of sand misses the orc wizard.
b - 49 stones The orc wizard points at you and mumbles some strange words.
The puff of frost hits you!
* * * LOW HITPOINT WARNING * * *
Casting: Sandblast
Confirm with . or Enter, or press ? or * to list all spells.
Aiming: Sandblast
Press: ? - help, Shift-Dir - straight line, f/p - orc wizard
Aim: an orc wizard, wielding a dagger and wearing a robe (heavily wounded, fast)
The blast of sand hits the orc wizard.
The orc wizard is almost dead.
b - 48 stones The orc wizard misses you.
You riposte.
You hit the orc wizard.
The orc wizard is almost dead.
An orc priest comes into view. It is wielding a club.
Casting: Sandblast
Confirm with . or Enter, or press ? or * to list all spells.
Aiming: Sandblast
Press: ? - help, Shift-Dir - straight line, f/p - orc wizard
Aim: an orc wizard, wielding a dagger and wearing a robe (almost dead, fast)
The blast of sand hits the orc wizard.
You kill the orc wizard!
Your Fighting skill increases to level 2!
Your Short Blades skill increases to level 2!
Your Long Blades skill increases to level 2!
Your Axes skill increases to level 2!
Your Maces & Flails skill increases to level 2!
Your Polearms skill increases to level 2!
Your Staves skill increases to level 2!
Your Slings skill increases to level 2!
Your Bows skill increases to level 2!
Your Crossbows skill increases to level 2!
Your Throwing skill increases to level 2!
Your Armour skill increases to level 2!
Your Shields skill increases to level 2!
Your Unarmed Combat skill increases to level 2!
Your Evocations skill increases to level 2!
b - 47 stones The orc priest invokes the aid of Beogh against you.
Beogh smites you!
You die...

####### #.#
......# #.#
......# #.#
......#
#.#######
......#
#.#.....#
......#
#.#.###.#
......# #.#.#
#.#
......####.#.#
#@#
...........#..
#)#
......########


#os ......# #... .###### o.... ...# #.#### .#.# #.# .#... #.# .# #.w You could
see an orc priest, an orc and a giant cockroach.

Vanquished Creatures
  An ice beast (D:5)
  Blork the orc (D:4)
  An orc wizard (D:5)
  An orc priest (D:2)
  4 gnolls (D:2)
  2 adders (D:2)
  A worm (D:2)
  A dart slug (D:2)
  6 leopard geckos
  5 orcs
  4 bats
  6 goblins
  5 hobgoblins
  3 jackals (D:2)
  2 quokkas
  A ball python (D:2)
  5 frilled lizards
  4 kobolds
  2 rats
55 creatures vanquished.

Notes
Turn   | Place    | Note
-------+----------+-------------------------------------------
     0 | D:1      | tidbits the Gnoll Earth Elementalist began the quest for the Orb.
     0 | D:1      | Reached XP level 1. HP: 13/13 MP: 6/6
    93 | D:1      | Reached skill level 2 in Transmutations
    96 | D:1      | Reached XP level 2. HP: 19/19 MP: 1/7
   101 | D:1      | Learned a level 2 spell: Passwall
   206 | D:2      | Reached skill level 5 in Spellcasting
   206 | D:2      | Reached XP level 3. HP: 18/25 MP: 3/9
   209 | D:2      | Reached skill level 1 in Invocations
   224 | D:2      | Reached skill level 1 in Fighting
   224 | D:2      | Reached skill level 1 in Short Blades
   224 | D:2      | Reached skill level 1 in Long Blades
   224 | D:2      | Reached skill level 1 in Axes
   224 | D:2      | Reached skill level 1 in Maces & Flails
   224 | D:2      | Reached skill level 1 in Polearms
   224 | D:2      | Reached skill level 1 in Staves
   224 | D:2      | Reached skill level 1 in Slings
   224 | D:2      | Reached skill level 1 in Bows
   224 | D:2      | Reached skill level 1 in Crossbows
   224 | D:2      | Reached skill level 1 in Throwing
   224 | D:2      | Reached skill level 1 in Armour
   224 | D:2      | Reached skill level 1 in Shields
   224 | D:2      | Reached skill level 1 in Unarmed Combat
   224 | D:2      | Reached skill level 1 in Evocations
   224 | D:2      | Reached XP level 4. HP: 14/32 MP: 1/11
   833 | D:2      | Learned a level 3 spell: Stone Arrow
   838 | D:2      | Learned a level 4 spell: Petrify
   891 | D:2      | Reached skill level 1 in Conjurations
   891 | D:2      | Reached skill level 1 in Hexes
   891 | D:2      | Reached skill level 1 in Charms
   891 | D:2      | Reached skill level 1 in Summonings
   891 | D:2      | Reached skill level 1 in Necromancy
   891 | D:2      | Reached skill level 1 in Translocations
   891 | D:2      | Reached skill level 1 in Fire Magic
   891 | D:2      | Reached skill level 1 in Ice Magic
   891 | D:2      | Reached skill level 1 in Air Magic
   891 | D:2      | Reached skill level 1 in Poison Magic
   992 | D:2      | Reached XP level 5. HP: 37/37 MP: 10/12
  1106 | D:4      | Noticed Blork the orc
  1109 | D:4      | Killed Blork the orc
  1142 | D:5      | Entered Level 5 of the Dungeon
  1142 | D:5      | Noticed an ice beast
  1159 | D:5      | Killed an ice beast
  1159 | D:5      | Reached skill level 5 in Dodging
  1159 | D:5      | Reached skill level 2 in Invocations
  1159 | D:5      | Reached XP level 6. HP: 14/44 MP: 1/14
  1166 | D:5      | Learned a level 5 spell: Lee's Rapid Deconstruction
  1213 | D:5      | Reached skill level 2 in Fighting
  1213 | D:5      | Reached skill level 2 in Short Blades
  1213 | D:5      | Reached skill level 2 in Long Blades
  1213 | D:5      | Reached skill level 2 in Axes
  1213 | D:5      | Reached skill level 2 in Maces & Flails
  1213 | D:5      | Reached skill level 2 in Polearms
  1213 | D:5      | Reached skill level 2 in Staves
  1213 | D:5      | Reached skill level 2 in Slings
  1213 | D:5      | Reached skill level 2 in Bows
  1213 | D:5      | Reached skill level 2 in Crossbows
  1213 | D:5      | Reached skill level 2 in Throwing
  1213 | D:5      | Reached skill level 2 in Armour
  1213 | D:5      | Reached skill level 2 in Shields
  1213 | D:5      | Reached skill level 2 in Unarmed Combat
  1213 | D:5      | Reached skill level 2 in Evocations
  1213 | D:5      | Killed from afar by an orc priest

Vault maps used:
D:1:      shiori_shiawase, minmay_misc_feat_iff
D:2:      cheibrodos_pilgrimage, first_ration
D:3:      cheibrodos_old_hovel
D:4:      uniq_sigmund, uniq_blork_the_orc, uniq_eustachio, uniq_duvessa

Skill      XL: |  1  2  3  4  5  6 |
---------------+-------------------+-----
Transmutations | 2 |  2.6
Spellcasting   | 5 |  5.4
Invocations    | 1 2 |  2.2
Fighting       | 1 2 |  2.0
Short Blades   | 1 2 |  2.0
Long Blades    | 1 2 |  2.0
Axes           | 1 2 |  2.0
Maces & Flails | 1 2 |  2.0
Polearms       | 1 2 |  2.0
Staves         | 1 2 |  2.0
Slings         | 1 2 |  2.0
Bows           | 1 2 |  2.0
Crossbows      | 1 2 |  2.0
Throwing       | 1 2 |  2.0
Armour         | 1 2 |  2.0
Shields        | 1 2 |  2.0
Unarmed Combat | 1 2 |  2.0
Evocations     | 1 2 |  2.0
Conjurations   | 1 |  1.5
Hexes          | 1 |  1.5
Charms         | 1 |  1.5
Summonings     | 1 |  1.5
Necromancy     | 1 |  1.5
Translocations | 1 |  1.5
Fire Magic     | 1 |  1.5
Ice Magic      | 1 |  1.5
Air Magic      | 1 |  1.5
Poison Magic   | 1 |  1.5
Dodging        | 5 |  5.0
Stealth        | |  4.6
Earth Magic    | |  5.6

Action                   |  1- 3 |  4- 6 || total
-------------------------+-------+-------++-------
Melee: Club              |     2 |       ||     2
       Falchion          |     8 |    23 ||    31
       Bite              |       |     6 ||     6
 Cast: Sandblast         |    21 |    51 ||    72
       Passwall          |       |    21 ||    21
Evoke: Wand              |       |     2 ||     2
  Use: Scroll            |       |     2 ||     2
 Stab: Sleeping          |       |     5 ||     5
Armor: Robe              |     1 |    13 ||    14
Dodge: Dodged            |    13 |    78 ||    91
       Rpst.: Falchion   |     3 |    24 ||    27

Table legend:
 A = Spawn XP
 B = Non-spawn XP
 C = Spawn XP percentage of total XP
 D = Spawn monster count
 E = Non-spawn monster count
 F = Spawn count percentage of total count
 G = Total turns spent on level
                    A         B        C        D         E        F      G
               +---------+---------+-------+---------+---------+-------+---------
         Total |       0 |     486 |   0.0 |       0 |      55 |   0.0 |  1213
               +---------+---------+-------+---------+---------+-------+---------
           D:1 |       0 |      12 |   0.0 |       0 |       7 |   0.0 |   130
           D:2 |       0 |     178 |   0.0 |       0 |      30 |   0.0 |   438
           D:3 |       0 |      25 |   0.0 |       0 |      13 |   0.0 |   480
           D:4 |       0 |      93 |   0.0 |       0 |       2 |   0.0 |    94
           D:5 |       0 |     178 |   0.0 |       0 |       3 |   0.0 |    71
               +---------+---------+-------+---------+---------+-------+---------

Table legend:
 A = Turns spent in this place as a percentage of turns spent in the entire game.
 B = Non-inter-level travel turns spent in this place as a percentage of non-inter-level travel turns spent in the entire game.
 C = Inter-level travel turns spent in this place as a percentage of turns spent in this place.
 D = Turns resting spent in this place as a percentage of non-inter-level travel turns spent in this place.
 E = Turns spent auto-exploring this place as a percentage of non-inter-level travel turns spent in this place.
 F = Non-inter-level travel turns spent in this place divided by the number of levels of this place that you've seen.
                   A       B       C       D       E      F
               +-------+-------+-------+-------+-------+----------------------
         Total | 100.0 | 100.0 |   5.9 |   0.0 |   0.0 | 228.4
       Dungeon | 100.0 | 100.0 |   5.9 |   0.0 |   0.0 | 228.4
               +-------+-------+-------+-------+-------+----------------------

Table legend:
 A = Kills in this place as a percentage of kills in entire the game.
 B = Kills by you in this place as a percentage of kills by you in the entire game.
 C = Kills by friends in this place as a percentage of kills by friends in the entire game.
 D = Other kills in this place as a percentage of other kills in the entire game.
 E = Experience gained in this place as a percentage of experience gained in the entire game.
 F = Experience gained in this place divided by the number of levels of this place that you have seen.
                   A       B       C       D       E      F
               +-------+-------+-------+-------+-------+----------------------
         Total | 100.0 | 100.0 |   N/A |   N/A | 100.0 |  97.2
       Dungeon | 100.0 | 100.0 |   N/A |   N/A | 100.0 |  97.2
               +-------+-------+-------+-------+-------+----------------------

Vault maps used:
D:1:      shiori_shiawase, minmay_misc_feat_iff
D:2:      cheibrodos_pilgrimage, first_ration
D:3:      cheibrodos_old_hovel
D:4:      uniq_sigmund, uniq_blork_the_orc, uniq_eustachio, uniq_duvessa
